 Dungeon Crawl Stone Soup version 0.27.0-65-ge2af304b15 (webtiles) character file.

Game seed: 11114932079013700042

76100 Kinoniko the Severer (level 15, -5/131 HPs)
             Began as a Palentonga Berserker on Aug 19, 2021.
             Was a High Priest of Trog.
             Drowned by a water elemental (13 damage)
             ... on level 13 of the Dungeon.
             The game lasted 00:28:19 (22836 turns).

Kinoniko the Severer (Palentonga Berserker)        Turns: 22836, Time: 00:28:20

Health: -5/131     AC: 30    Str: 27    XL:     15   Next: 11%
Magic:  5/5        EV:  9    Int: 11    God:    Trog [*****.]
Gold:   1561       SH:  0    Dex: 13    Spells: 14/14 levels left

rFire    + + .     SeeInvis +   T - +5 executioner's axe (antimagic)
rCold    + . .     Faith    +   (shield currently unavailable)
rNeg     . . .     Spirit   .   y - +0 crystal plate armour "Qeigig" {rF+ Int+2}
rPois    .         Reflect  .   u - +2 helmet
rElec    .         Harm     .   k - +2 cloak
rCorr    .         Rampage  .   a - +2 pair of gloves of Classification {Contam Regen+ Str+4 Dex+3}
Will     +....                  (no barding)
Stlth    ..........             j - amulet of faith
HPRegen  1.31/turn              o - +4 ring of evasion
MPRegen  0.09/turn              q - ring of Equivalence {Fly rF+ rC+ Str-2}

@: engulfed (cannot breathe), on berserk cooldown, flying, slowed, very slow
A: large, rugged brown scales 3, see invisible, deformed body, roll 1, armoured
tail, reflexive curl, deterioration 1, robust 1, sturdy frame 1
a: Rolling Charge, Renounce Religion, Berserk, Trog's Hand, Brothers in Arms


You were on level 13 of the Dungeon.
You worshipped Trog.
Trog was extremely pleased with you.
You visited 2 branches of the dungeon, and saw 19 of its levels.
You also visited: Gauntlet.

You collected 1788 gold pieces.
You spent 227 gold pieces at shops.

Inventory:

Hand Weapons
 p - a +5 battleaxe
 F - the +6 broad axe "Aqighoff" {vorpal, Str+4}
   (Trog gifted it to you on level 12 of the Dungeon)

   It inflicts extra damage upon your enemies.
   Str:       It affects your strength (+4).
 T - a +5 antimagic executioner's axe (weapon)
Missiles
 G - 2 throwing nets
Armour
 a - the +2 pair of gloves of Classification (worn) {Contam Regen+ Str+4 Dex+3}
   (You found it in a Gauntlet)

   Str:       It affects your strength (+4).
   Dex:       It affects your dexterity (+3).
   Contam:    It causes magical contamination when unequipped.
   Regen:     It increases your rate of health regeneration.
 k - a +2 cloak (worn)
 u - a +2 helmet (worn)
 v - a scarf of repulsion
 y - the +0 crystal plate armour "Qeigig" (worn) {rF+ Int+2}
   (You acquired it on level 12 of the Dungeon)

   Int:       It affects your intelligence (+2).
   rF:        It protects you from fire.
 C - the +2 pair of gloves of Purpose {Fly rElec Dex-2}
   (You found it on level 6 of the Dungeon)

   Dex:       It affects your dexterity (-2).
   rElec:     It insulates you from electricity.
   Fly:       It grants you flight.
 O - a +1 plate armour of poison resistance
Jewellery
 e - an amulet of the acrobat
 g - an amulet of regeneration
 i - an amulet of magic regeneration
 j - an amulet of faith (around neck)
 o - a +4 ring of evasion (left hand)
 q - the ring of Equivalence (right hand) {Fly rF+ rC+ Str-2}
   (You found it on level 7 of the Dungeon)

   [ring of protection from cold]

   Str:       It affects your strength (-2).
   rF:        It protects you from fire.
   rC:        It protects you from cold.
   Fly:       It grants you flight.
 s - a ring of poison resistance
 H - a +4 ring of protection
 L - the ring of the Raven {rPois rC+ rN+++ Dex-3 Slay-6}
   (You found it on level 3 of the Lair of Beasts)

   [ring of protection from cold]

   Dex:       It affects your dexterity (-3).
   Slay:      It affects your accuracy & damage with ranged weapons and melee
   (-6).
   rC:        It protects you from cold.
   rPois:     It protects you from poison.
   rN:        It renders you almost immune to negative energy.
Wands
 f - a wand of mindburst (44)
 l - a wand of polymorph (5)
 z - a wand of acid (23)
 A - a wand of digging (16)
 D - a wand of flame (27)
 P - a wand of iceblast (8)
 Q - a wand of paralysis (17)
 X - a wand of charming (13)
Scrolls
 d - 3 scrolls of holy word
 h - 4 scrolls of teleportation
 m - a scroll of enchant armour
 w - 3 scrolls of amnesia
 x - 2 scrolls of fear
 B - a scroll of immolation
 E - 4 scrolls of summoning
 I - 2 scrolls of silence
 J - 3 scrolls of magic mapping
 K - 3 scrolls of blinking
 Y - 7 scrolls of identify
Potions
 b - 7 potions of curing
 c - a potion of flight
 n - a potion of berserk rage
 r - 4 potions of degeneration
 t - a potion of attraction
 M - 5 potions of might
 N - 2 potions of haste
 R - a potion of magic
 S - a potion of invisibility
 U - 2 potions of lignification
 V - a potion of cancellation {unknown}
 W - 2 potions of mutation
 Z - a potion of resistance {unknown}


   Skills:
 + Level 8.6 Fighting
 * Level 20.5 Axes
 - Level 15.3 Armour
 - Level 1.5 Dodging


You had 14 spell levels left.
You didn't know any spells.
Your spell library contained the following spells:

 Spells                   Type           Power      Damage    Failure   Level
 Passwall                 Tmut/Erth      0%         N/A       100%        2
 Swiftness                Air            0%         N/A       100%        3
 Invisibility             Hex            0%         N/A       100%        6


Dungeon Overview and Level Annotations

Branches:
Dungeon (13/15)            Temple (0/1) D:4            Lair (6/6) D:9
 Shoals (0/4) Lair:2        Snake (0/4) Lair:2        Slime (0/5) Lair:6
    Orc (0/2) D:10        Gauntlet (visited)
 Vaults: D:13-14

Altars:
Ashenzari
Dithmenos
Fedhas
Hepliaklqana
Nemelex Xobeh
Okawaru
Sif Muna
Trog
Vehumet

Shops:
D:2 *   D:4 (   D:5 [   D:11 [

Annotations:
D:10 1 runed translucent door, Malachi's ghost, journeyman DsBr
Lair:3 1 runed translucent door, Misiose's ghost, journeyman GnCj


Innate Abilities, Weirdness & Mutations

You are completely covered in rugged brown scales. (AC +3, +7% HP)
You have supernaturally acute eyesight. (SInv)
Armour fits poorly on your strangely shaped body.
You can roll at nearby foes to attack.
You have a long armoured tail.
You curl defensively after being hit.
Your body sometimes deteriorates upon taking damage.
You are robust. (+10% HP)
Your movements are slightly less encumbered by armour. (ER -2)


Message History

Your tail-slap misses the water elemental.
The water elemental barely misses you. The water elemental hits you.
The water elemental engulfs you in water!
You slice the water elemental!!
Your tail-slap misses the water elemental.
The water elemental is severely damaged.
* * * LOW HITPOINT WARNING * * *
Your lungs strain for air!
The water elemental hits you.
You closely miss the water elemental.
The water elemental is severely damaged.
* * * LOW HITPOINT WARNING * * *
Your lungs strain for air!
The water elemental hits you. x2
* * * LOW HITPOINT WARNING * * *
You hit the water elemental but do no damage.
You tail-slap the water elemental, but do no damage.
The water elemental is severely damaged.
* * * LOW HITPOINT WARNING * * *
Your lungs strain for air!
The water elemental barely misses you.
Unknown command.
You feel better.
* * * LOW HITPOINT WARNING * * *
Your lungs strain for air!
The water elemental closely misses you. The water elemental hits you.
Unknown command.
You hit the water elemental but do no damage.
The water elemental is severely damaged.
* * * LOW HITPOINT WARNING * * *
Your lungs strain for air!
The water elemental hits you.
Unknown command.
Okay, then.
Okay, then.
You cannot read scrolls while unable to breathe!
Unknown command.
Unknown command.
You feel better.
You die...

.#.##..# ≈≈≈≈≈≈≈≈≈≈≈≈≈≈≈≈
.#.##..# ≈≈≈≈≈≈≈≈≈≈≈≈≈≈≈≈
.#.##..# #≈≈≈≈≈≈≈≈≈≈≈≈≈≈≈
.#.##..####≈≈≈≈≈≈≈≈≈≈≈≈≈≈
............≈≈≈≈≈≈≈≈≈>≈≈≈
#####..########≈≈≈≈≈≈≈≈≈≈
#####..# #..........
.......# ######E.......#
#####..####.....@#.}###.#
.................#..# .#
#####..###.......#.... #
#..# #......##..... #
#..# #.............. #
#..# #.########.....
#####..###.# ............
........#..#


You could see a water elemental.

Vanquished Creatures
  A minotaur (Gauntlet)
  Snorg (Lair:4)
  Fannar (D:12)
  2 boulder beetles
  4 catoblepae
  9 hydras
  The ghost of Wogokhlo the Spry, a journeyman FeBe of Trog (Lair:6)
  A centaur warrior (D:9)
  13 death yaks
  A two-headed ogre (D:13)
  Urug (D:13)
  A necromancer (Gauntlet)
  An oklob plant (Lair:1)
  A shining eye (Gauntlet)
  3 manticores
  Maurice (D:12)
  A merfolk siren (Lair:2)
  15 elephants
  2 cyclopes
  8 black mambas
  2 gargoyles (D:10)
  2 rime drakes
  4 komodo dragons
  12 cane toads
  A komodo dragon (shapeshifter) (D:13)
  2 efreet
  3 trolls
  3 meliai (D:13)
  2 polar bears
  A blink frog (shapeshifter) (D:13)
  Prince Ribbit (D:7)
  14 blink frogs
  3 flying skulls (Gauntlet)
  Sigmund (D:6)
  A hog (shapeshifter) (D:12)
  3 vampires
  5 wyverns
  A wraith (D:10)
  83 yaks
  2 shadows
  A steam dragon (Lair:5)
  Eustachio (D:6)
  5 basilisks
  4 vampire mosquitoes (D:12)
  2 nagas (Lair:2)
  Edmund (D:6)
  3 acid dragons
  A floating eye (Gauntlet)
  14 water moccasins
  2 orc warriors
  A black bear (D:8)
  3 sky beasts
  A necrophage (D:4)
  14 centaurs
  An ogre (D:7)
  29 wolves
  2 phantoms
  A kobold brigand (D:10)
  17 bullfrogs
  2 scorpions (D:5)
  A wyvern zombie (D:8)
  2 water moccasin zombies
  A wyvern skeleton (D:6)
  A troll zombie (D:10)
  4 wights
  4 electric eels (D:13)
  A howler monkey (D:12)
  7 jellies
  3 centaur zombies
  A hound (D:5)
  Crazy Yiuf (D:6)
  A gnoll shaman (D:8)
  6 orc priests
  2 iguanas
  8 orc wizards
  3 killer bee zombies
  5 ogre zombies (D:10)
  A hound skeleton (D:4)
  16 gnolls
  8 adders
  2 white imps
  2 ufetubi
  3 worms
  3 dart slugs
  46 orcs
  3 bats
  11 endoplasms
  3 giant cockroaches
  7 goblins
  6 hobgoblins
  3 jackals (D:2)
  4 quokkas
  6 ball pythons
  3 frilled lizards
  A goblin zombie (D:10)
  A hobgoblin skeleton (D:10)
  4 hobgoblin zombies (D:10)
  21 kobolds
  An orc skeleton (D:10)
  12 orc zombies (D:10)
  6 rats
  A bush (Lair:6)
544 creatures vanquished.

Vanquished Creatures (collateral kills)
  Rupert (Lair:5)
  3 death yaks
  Maggie (D:6)
  A yak (Lair:6)
  A howler monkey (D:6)
7 creatures vanquished.

Vanquished Creatures (others)
  4 blink frogs (Lair:6)
  39 fungi
  54 plants
  8 toadstools (D:4)
105 creatures vanquished.

Grand Total: 656 creatures vanquished

Notes
Turn   | Place    | Note
-------+----------+-------------------------------------------
     0 | D:1      | Kinoniko the Palentonga Berserker began the quest for the
                  | Orb.
     0 | D:1      | Reached XP level 1. HP: 19/19 MP: 1/1
   677 | D:1      | Reached XP level 2. HP: 25/25 MP: 2/2
  1622 | D:2      | Reached skill level 4 in Axes
  1636 | D:2      | Found Ciaribawk's Assorted Antiques.
  1678 | D:2      | Reached XP level 3. HP: 19/31 MP: 3/3
  2783 | D:2      | Reached ** piety under Trog
  2784 | D:2      | Reached XP level 4. HP: 18/35 MP: 4/4
  3331 | D:3      | Reached skill level 5 in Axes
  3392 | D:3      | Reached XP level 5. HP: 43/43 MP: 5/5
  3697 | D:4      | Found a staircase to the Ecumenical Temple.
  3706 | D:4      | Noticed a necrophage
  3712 | D:4      | Killed a necrophage
  3796 | D:4      | Noticed a sky beast
  3805 | D:4      | Killed a sky beast
  3806 | D:4      | Reached skill level 6 in Axes
  3806 | D:4      | Reached XP level 6. HP: 50/50 MP: 6/6
  4055 | D:4      | Reached *** piety under Trog
  4067 | D:4      | Found a broken altar of Ashenzari.
  4549 | D:4      | Found Parphuda's Weapon Emporium.
  4825 | D:4      | Reached skill level 7 in Axes
  4825 | D:4      | Reached skill level 5 in Armour
  4825 | D:4      | Gained mutation: You curl defensively after being hit.
                  | [Palentonga growth]
  4825 | D:4      | Reached XP level 7. HP: 42/55 MP: 7/7
  5027 | D:5      | Entered Level 5 of the Dungeon
  5045 | D:5      | Found Etoxzec's Armour Emporium.
  5539 | D:5      | Reached skill level 8 in Axes
  5908 | D:5      | Reached XP level 8. HP: 55/62 MP: 8/8
  6107 | D:6      | Noticed Sigmund
  6110 | D:6      | Found a shadowy altar of Dithmenos.
  6115 | D:6      | Killed Sigmund
  6152 | D:6      | Noticed Eustachio
  6167 | D:6      | Killed Eustachio
  6168 | D:6      | Reached skill level 9 in Axes
  6424 | D:6      | Identified the +2 pair of gloves of Purpose {Fly rElec
                  | Dex-2}
  6428 | D:6      | Noticed Edmund
  6438 | D:6      | Killed Edmund
  6527 | D:6      | Reached **** piety under Trog
  6603 | D:6      | Noticed Maggie
  6615 | D:6      | Reached skill level 12 in Axes
  6615 | D:6      | Reached skill level 10 in Armour
  6615 | D:6      | Reached XP level 9. HP: 27/67 MP: 9/9
  6632 | D:6      | Reached skill level 13 in Axes
  6899 | D:6      | Found a runed translucent door.
  6900 | D:6      | Noticed Crazy Yiuf
  6991 | D:6      | Killed Maggie
  7125 | D:6      | Reached XP level 10. HP: 74/74 MP: 10/10
  7237 | D:6      | Found a radiant altar of Vehumet.
  7420 | D:6      | Killed Crazy Yiuf
  7676 | D:7      | Identified the +0 leather armour "Xicaloa" {Str+4}
  7791 | D:7      | Identified the ring of Equivalence {Fly rF+ rC+ Str-2}
  8158 | D:7      | Noticed Prince Ribbit
  8170 | D:7      | Killed Prince Ribbit
  8649 | D:8      | Found a sparkling altar of Nemelex Xobeh.
  8815 | D:4      | Bought a +2 war axe of electrocution for 227 gold pieces
  9035 | D:8      | Found a shimmering blue altar of Sif Muna.
  9516 | D:9      | Reached skill level 14 in Axes
  9706 | D:9      | Reached ***** piety under Trog
  9817 | D:9      | Identified a scroll of acquirement
  9820 | D:9      | Acquired a manual of Armour
 10016 | D:9      | Found a staircase to the Lair.
 10076 | D:9      | Found a hazy altar of Hepliaklqana.
 10176 | D:9      | Found a blossoming altar of Fedhas.
 10176 | D:9      | Found a bloodstained altar of Trog.
 10176 | D:9      | Found an iron altar of Okawaru.
 10285 | D:9      | Noticed a centaur warrior
 10291 | D:9      | Killed a centaur warrior
 10292 | D:9      | Reached XP level 11. HP: 75/83 MP: 11/11
 10490 | D:10     | Entered Level 10 of the Dungeon
 10521 | D:10     | Found a staircase to the Orcish Mines.
 10528 | D:10     | Received a gift from Trog
 11399 | D:10     | Found a runed translucent door.
 11399 | D:10     | Noticed Malachi's ghost (journeyman DsBr)
 11542 | D:10     | Identified the +5 dagger of Makhleb's Favour {freeze,
                  | Str+6}
 11829 | D:11     | Reached skill level 15 in Axes
 11958 | D:11     | Noticed a boulder beetle
 12644 | D:11     | Found Ziorhi Xoba's Armour Emporium.
 12772 | Lair:1   | Entered Level 1 of the Lair of Beasts
 13177 | Lair:1   | Received a gift from Trog
 13381 | Lair:1   | Noticed an eight-headed hydra
 13385 | Lair:1   | Killed a ten-headed hydra
 13589 | Lair:1   | Noticed an oklob plant
 13595 | Lair:1   | Killed an oklob plant
 13596 | Lair:1   | Reached XP level 12. HP: 74/89 MP: 12/12
 13937 | Lair:2   | Noticed a four-headed hydra
 13946 | Lair:2   | Killed an eight-headed hydra
 13947 | Lair:2   | Reached skill level 16 in Axes
 14202 | Lair:2   | Found a staircase to the Snake Pit.
 14913 | Lair:2   | Found a staircase to the Shoals.
 15298 | Lair:3   | Noticed a seven-headed hydra
 15310 | Lair:3   | Killed an 11-headed hydra
 15320 | Lair:3   | Reached skill level 17 in Axes
 15421 | Lair:3   | Noticed a five-headed hydra
 15450 | Lair:3   | Killed a 14-headed hydra
 16371 | Lair:3   | Identified the ring of the Raven {rPois rC+ rN+++ Dex-3
                  | Slay-6}
 16492 | Lair:3   | Reached XP level 13. HP: 96/96 MP: 4/13
 16764 | Lair:3   | Found a runed translucent door.
 16770 | Lair:3   | Noticed Misiose's ghost (journeyman GnCj)
 17343 | Lair:4   | Received a gift from Trog
 17350 | Lair:4   | Reached skill level 18 in Axes
 18017 | Lair:4   | Noticed Snorg
 18022 | Lair:4   | Killed Snorg
 18212 | Lair:5   | Found a gate leading to a gauntlet.
 18222 | Gauntlet | Entered a Gauntlet
 18222 | Gauntlet | Found a transporter.
 18222 | Gauntlet | Found a runed translucent door.
 18223 | Gauntlet | Found a runed translucent door.
 18230 | Gauntlet | Found a transporter.
 18232 | Gauntlet | Found a transporter.
 18243 | Gauntlet | Found a transporter.
 18246 | Gauntlet | Found a transporter.
 18250 | Gauntlet | Found a runed translucent door.
 18252 | Gauntlet | Found a runed translucent door.
 18254 | Gauntlet | Found a transporter.
 18275 | Gauntlet | Found a transporter.
 18275 | Gauntlet | Noticed a dire elephant
 18283 | Gauntlet | Found a transporter.
 18297 | Gauntlet | Found a transporter.
 18316 | Gauntlet | Found a transporter.
 18330 | Gauntlet | Found a transporter.
 18330 | Gauntlet | Found a transporter.
 18379 | Gauntlet | Found a transporter.
 18464 | Gauntlet | Paralysed by a floating eye for 2 turns
 18465 | Gauntlet | Gained mutation: You occasionally shout uncontrollably at
                  | your foes. [a shining eye]
 18466 | Gauntlet | Gained mutation: You sometimes lose the ability to read
                  | scrolls when taking damage. [a shining eye]
 18470 | Gauntlet | Reached skill level 15 in Armour
 18508 | Gauntlet | Lost mutation: You occasionally shout uncontrollably at
                  | your foes. [potion of mutation]
 18508 | Gauntlet | Lost mutation: You sometimes lose the ability to read
                  | scrolls when taking damage. [potion of mutation]
 18508 | Gauntlet | Gained mutation: Your movements are slightly less
                  | encumbered by armour. (ER -2) [potion of mutation]
 18508 | Gauntlet | Gained mutation: Your body sometimes deteriorates upon
                  | taking damage. [potion of mutation]
 18508 | Gauntlet | Gained mutation: You are robust. (+10% HP) [potion of
                  | mutation]
 18602 | Gauntlet | Found a transporter.
 18731 | Gauntlet | Identified the +2 pair of gloves of Classification {Contam
                  | Regen+ Str+4 Dex+3}
 18752 | Gauntlet | Noticed a minotaur
 18763 | Gauntlet | Killed a minotaur
 19017 | Lair:5   | Noticed Rupert
 19037 | Lair:5   | Killed Rupert
 19130 | Lair:5   | Reached skill level 19 in Axes
 19130 | Lair:5   | Reached XP level 14. HP: 112/112 MP: 4/14
 19136 | Lair:5   | Reached skill level 5 in Fighting
 19855 | Lair:6   | Entered Level 6 of the Lair of Beasts
 20074 | Lair:6   | Found a runed translucent door.
 20077 | Lair:6   | Noticed Wogokhlo's ghost (journeyman FeBe)
 20598 | Lair:6   | Identified the +9 hand axe of Theory {flame, rElec Stlth+}
                  | (Trog gifted it to you on level 6 of the Lair of Beasts)
 20598 | Lair:6   | Received a gift from Trog
 20599 | Lair:6   | Found a staircase to the Slime Pits.
 20741 | Lair:6   | Reached skill level 20 in Axes
 21417 | Lair:6   | Killed Wogokhlo's ghost
 21736 | D:12     | Acquired the +0 crystal plate armour "Qeigig" {rF+ Int+2}
 21897 | D:12     | Noticed Maurice
 21912 | D:12     | Killed Maurice
 22017 | D:12     | Noticed Fannar
 22040 | D:12     | Killed Fannar
 22040 | D:12     | Identified the +6 broad axe "Aqighoff" {vorpal, Str+4}
                  | (Trog gifted it to you on level 12 of the Dungeon)
 22040 | D:12     | Received a gift from Trog
 22041 | D:12     | Reached XP level 15. HP: 128/128 MP: 5/15
 22615 | D:13     | Noticed Urug
 22629 | D:13     | Killed Urug
 22835 | D:13     | HP: 1/131 [drowned by a water elemental (12)]
 22836 | D:13     | Drowned by a water elemental

Illustrated notes

Levels and vault maps discovered:
D:1:      psy_arrival_spokes, layout_basic
D:2:      layout_loops_corners, serial_shops, shop_coins,
          amcnicky_mini_corridor_feature, nrook_uturn, grunt_decor_fettered
D:3:      layout_rooms, guppyfry_early_lair_pool
D:4:      cheibrodos_fertilizer, layout_loops_ring, kennysheep_mini,
          minmay_temple_entry_gardened_gates, serial_shops, nicolae_shop_trees,
          ldierk_geyser, roderic_malta_cross, saegor_snake_ambush
D:5:      minmay_inner_zag, layout_loops_ring, serial_shops, shop
D:6:      layout_basic, grunt_dithmenos_smoke_and_mirrors,
          kennysheep_little_box, serial_park_tiny_1, uniq_sigmund,
          uniq_eustachio, uniq_edmund, uniq_maggie, uniq_crazy_yiuf_cottage
D:7:      layout_basic, serial_co_window_serial, co_window_paths_a,
          co_window_corner_a, co_window_corner_a, co_window_paths_a,
          co_window_of_opportunity_a, co_window_broadway_c, co_window_corner_b,
          co_window_of_opportunity_b, co_window_2corner, co_window_broadway_c,
          glass_columns_c, glass_columns_b, glass_columns_c, glass_columns_a,
          glass_columns_a, kennysheep_flooded_box, corexii_leaking_fountain,
          kennysheep_generic_room_7, uniq_prince_ribbit1
D:8:      layout_loops_ring, nemelex_xobeh_ov_fountains_minmay,
          lemuel_doored_altar
D:9:      layout_roguey, worldfamousw_hep_ancestral_shrine,
          gammafunk_temple_overflow_claw, dpeg_oklobed_lair, special_room
          [special_room_orc], billiards_dpeg
D:10:     layout_roguey, zombieorc1_lemuel, gammafunk_ghost_grave
D:11:     layout_loops_ring, serial_shops, nicolae_lakefront_shop
D:12:     layout_roguey, minmay_misc_feat_iff, uniq_maurice, uniq_fannar
D:13:     layout_basic, uniq_urug
Lair:1:   layout_loops_ring, minmay_lair_oklob_chamber
Lair:2:   layout_loops_ring, minmay_shoals_entry_lonely_mermaid,
          guppyfry_snake_entry_garden
Lair:3:   layout_roguey, ebering_ghost_reflecting_pool,
          grunt_forest_stairs_basic, chequers_serial_rivers_micro_d,
          grunt_megastairs_1
Lair:4:   layout_misc_corridors, beast_lair_carwin_5, uniq_snorg
Lair:5:   layout_regular_city, gauntlet_entry_generic, uniq_rupert
Lair:6:   evilmike_catoblepas_cave, layout_cave_pods,
          nicolae_slime_entry_slimehenge, hellmonk_ghost_happy_afterlife,
          lemuel_fruit_fields

Skill      XL: |  1  2  3  4  5  6  7  8  9 10 11 12 13 14 |
---------------+-------------------------------------------+-----
Axes           | 4 5 6 7 8 12 13 14 15 17 19 20 | 20.5
Armour         | 2 3 4 5 6 10 11 12 14 15 | 15.3
Fighting       | 4 8 |  8.6
Dodging        | |  1.5

Action                   |  1- 3 |  4- 6 |  7- 9 | 10-12 | 13-15 || total
-------------------------+-------+-------+-------+-------+-------++-------
Melee: Hand axe          |   133 |   145 |   203 |    93 |       ||   574
       Tailslap          |    12 |    11 |    28 |    80 |    97 ||   228
       War axe           |       |       |       |   551 |       ||   551
       Executioner's axe |       |       |       |    58 |   581 ||   639
Invok: Berserk           |     2 |     4 |     5 |    19 |    24 ||    54
       Brothers in Arms  |       |       |     1 |       |     4 ||     5
       Trog's Hand       |       |       |       |       |     1 ||     1
 Abil: Rolling Charge    |       |       |       |     4 |       ||     4
  Use: Scroll            |       |     5 |     1 |    20 |     4 ||    30
       Potion            |       |       |     7 |       |     3 ||    10
 Stab: Distracted        |       |       |       |       |     2 ||     2
Armor: Animal skin       |    29 |       |       |       |       ||    29
       Leather armour    |    47 |     3 |       |       |       ||    50
       Ring mail         |       |    47 |    74 |   156 |       ||   277
       Plate armour      |       |       |       |   238 |   425 ||   663
       Crystal plate arm |       |       |       |       |    96 ||    96
Dodge: Dodged            |    56 |    67 |   123 |   415 |   328 ||   989
       Repelled          |       |       |     2 |       |       ||     2
